 Dungeon Crawl Stone Soup version 0.27.0-1-g7a08968 (webtiles) character file.

Game seed: 1561257655791985627

4 GeorgeSoros the Sneak (level 1, 0/15 HPs)
             Began as a Naga Fire Elementalist on Aug 13, 2021.
             Killed from afar by a dart slug (5 damage)
             ... with a slug dart
             ... on level 1 of the Dungeon.
             The game lasted 00:00:40 (126 turns).

GeorgeSoros the Sneak (Naga Fire Elementalist)       Turns: 126, Time: 00:00:41

Health: 0/15       AC:  1    Str: 10    XL:     1   Next: 60%
Magic:  1/3        EV:  9    Int: 15    God:
Gold:   2          SH:  0    Dex: 11    Spells: 3/4 levels left

rFire    . . .     SeeInvis +   (no weapon)
rCold    . . .     Faith    .   (no shield)
rNeg     . . .     Spirit   .   a - +0 robe
rPois    +         Reflect  .   (no helmet)
rElec    .         Harm     .   (no cloak)
rCorr    .         Rampage  .   (no gloves)
Will     .....                  (no barding)
Stlth    ++........             (no amulet)
HPRegen  0.05/turn              (no ring)
MPRegen  0.08/turn              (no ring)

@: very slow
A: AC +0, large, see invisible, deformed body, poison resistance, slowness 2,
spit poison 1, naga tail 1
a: Spit Poison


You were on level 1 of the Dungeon.
You visited 1 branch of the dungeon, and saw 1 of its levels.

You collected 2 gold pieces.

Inventory:

Armour
 a - a +0 robe (worn)
Scrolls
 b - a scroll of identify {unknown}


   Skills:
 + Level 0.2 Fighting
 - Level 1.5 Dodging
 + Level 3.1 Stealth
 + Level 0.2 Unarmed Combat
 - Level 2.0 Spellcasting
 + Level 1.1 Conjurations
 + Level 3.0 Fire Magic


You had 3 spell levels left.
You knew the following spells:

 Your Spells              Type           Power      Damage    Failure   Level
a - Foxfire               Conj/Fire      28%        2x1d5     10%         1

Your spell library contained the following spells:

 Spells                   Type           Power      Damage    Failure   Level
 Conjure Flame            Conj/Fire      7%         6-21      28%         3
 Inner Flame              Hex/Fire       6%         N/A       34%         3
 Sticky Flame             Conj/Fire      7%         2d3       67%         4
 Fireball                 Conj/Fire      3%         3d4       95%         5


Dungeon Overview and Level Annotations

Branches:
Dungeon (1/15)

Altars:


Innate Abilities, Weirdness & Mutations

Your serpentine skin is tough. (AC +0)
You have supernaturally acute eyesight. (SInv)
Armour fits poorly on your strangely shaped body.
Your system is resistant to poisons. (rPois)
You cover ground very slowly.
You can spit poison.
You have a snake-like lower body.


Message History

You are very lightly contaminated with residual magic.
Nothing appears to happen.
A dart slug comes into view.
You are too depleted to draw on your mana recklessly!
Unknown command.
The foxfire hits the goblin.
The goblin is severely wounded.
The bat hits you but does no damage. The bat hits you.
The bat hits you but does no damage.
You hit the goblin.
You kill the goblin!
The bat hits you.
Your magical contamination has completely faded away.
You closely miss the bat. The bat closely misses you.
You hit the dart slug but do no damage. You hit the dart slug but do no damage.
The dart slug launches a dart at you. The slug dart hits you.
You hit the dart slug.
The dart slug is moderately wounded.
The dart slug barely misses you.
You hit the dart slug.
The dart slug is moderately wounded.
The dart slug bites you but does no damage.
You hit the dart slug but do no damage.
The dart slug is moderately wounded.
You completely miss the dart slug.
The dart slug is moderately wounded.
The dart slug launches a dart at you. The slug dart hits you.
You hit the dart slug.
The dart slug is heavily wounded.
The dart slug bites you.
You barely miss the dart slug.
The dart slug is heavily wounded.
You hit the dart slug.
The dart slug is heavily wounded.
The dart slug launches a dart at you. The slug dart hits you.
You die...

....⌠ ..... ... ... #.#
#.#.###.# #####
....w..b# ##...#########
#######w# #.............
#@###.......######
#.>.......#.#
................#.######
#################.......
########


You could see a dart slug and a bat.

Vanquished Creatures
  A ball python (D:1)
  An endoplasm (D:1)
  A goblin (D:1)
3 creatures vanquished.

Vanquished Creatures (others)
  2 foxfires (D:1)
2 creatures vanquished.

Grand Total: 5 creatures vanquished

Notes
Turn   | Place    | Note
-------+----------+-------------------------------------------
     0 | D:1      | GeorgeSoros the Naga Fire Elementalist began the quest for
                  | the Orb.
     0 | D:1      | Reached XP level 1. HP: 15/15 MP: 3/3
   126 | D:1      | Killed from afar by a dart slug

Illustrated notes

Levels and vault maps discovered:
D:1:      giann_wishing_wells, layout_loops_ring, serial_shops, shop_fountains,
          shapermc_ecumenical_altar_notcrosses, chequers_garden

Action                   || total
-------------------------++-------
Melee: Unarmed           ||    14
 Cast: Foxfire           ||     2
Armor: Robe              ||     3
Dodge: Dodged            ||     3
